 Dungeon Crawl Stone Soup version 0.22-a0-162-g33bf127 (webtiles) character file.

12025094 tsouns the Slayer (level 27, 336/336 HPs)
             Began as a Naga Fighter on Feb 10, 2018.
             Was a High Priest of Cheibriados.
             Escaped with the Orb
             ... and 11 runes on Feb 12, 2018!
             The game lasted 06:30:21 (71090 turns).

tsouns the Slayer (Naga Fighter)                   Turns: 71090, Time: 06:30:22

Health: 336/336    AC: 38    Str: 33    XL:     27
Magic:  37/42      EV: 24    Int: 40    God:    Cheibriados [*****.]
Gold:   7665       SH: 18    Dex: 25    Spells: 14/66 levels left

rFire    + + .     SeeInvis +   u - +9 broad axe (vamp)
rCold    . . .     Gourm    .   B - +2 shield {reflect}
rNeg     + + +     Faith    .   (armour currently unavailable)
rPois    ∞         Spirit   .   (helmet restricted)
rElec    +         Reflect  +   b - +2 cloak
rCorr    .         Harm     .   (gloves currently unavailable)
MR       ++++.     Rnd*Tele +   (no barding)
Stlth    +++.......             k - amulet "Suhann" {rF+ MR+ Regen+}
HPRegen  1.06/turn              j - ring "Ucsed" {+Blink rN+++ AC+5 Str-3 Stlth+}
MPRegen  0.28/turn              N - ring of Wisdom {rF+ Str+5 Int+7 Dex-2}

@: statue-form, studying 2 skills, very slow
A: large, claws 1, fangs 1, horns 1, see invisible, deformed body, frail 1, low
mp 1, poison resistance, screaming 1, electricity resistance, slow metabolism 1,
spit poison 1, teleportitis 1, weak 1, subdued magic 2, MP-powered wands,
constrict 1, AC +9
0: Orb of Zot
}: 11/15 runes: decaying, serpentine, slimy, silver, golden, abyssal, demonic,
glowing, magical, fiery, dark
a: Spit Poison, End Transformation, Bend Time, Temporal Distortion, Slouch, Step
From Time, Renounce Religion, Evoke Blink


You escaped.
You worshipped Cheibriados.
Cheibriados was extremely pleased with you.
You were not hungry.
You were a stone statue.
You visited 14 branches of the dungeon, and saw 62 of its levels.
You visited Pandemonium 2 times, and saw 20 of its levels.
You visited the Abyss 5 times.
You also visited: Sewer and Desolation.

You collected 11835 gold pieces.
You spent 4170 gold pieces at shops.

Inventory:

Hand Weapons
 u - a +9 vampiric broad axe (weapon)
 K - the +9 war axe of Crawling {antimagic, rF++ Str-3 Dex+7}
   (You acquired it on level 2 of the Realm of Zot)

   It reduces the magical energy of the wielder, and disrupts the spells and
   magical abilities of those hit.
   Natural abilities and divine invocations are not affected.
   It affects your strength (-3).
   It affects your dexterity (+7).
   It greatly protects you from fire.
Missiles
 g - 28 javelins (quivered)
Armour
 b - a +2 cloak (worn)
 v - a +4 naga barding (melded)
 B - a +2 shield of reflection (worn)
 H - the +0 pair of fencer's gloves (melded) {+Riposte Dex+3}
   (You found it on level 3 of the Elven Halls)

   It affects your dexterity (+3).
 Q - +10 shadow dragon scales (melded)
 X - a +2 helmet
Jewellery
 j - the ring "Ucsed" (left claw) {+Blink rN+++ AC+5 Str-3 Stlth+}
   (You took it off a red devil in Pandemonium)

   [ring of protection]

   It affects your AC (+5).
   It affects your strength (-3).
   It renders you almost immune to negative energy.
   It lets you blink.
   It makes you more stealthy.
 k - the amulet "Suhann" (around neck) {rF+ MR+ Regen+}
   (You found it on level 3 of the Elven Halls)

   [amulet of regeneration]

   It protects you from fire.
   It affects your resistance to hostile enchantments.
   It increases your rate of regeneration.
 y - the ring "Juwyt" {rElec Dex+3 Slay+3}
   (You bought it in a shop on level 2 of the Elven Halls)

   [ring of dexterity]

   It affects your dexterity (+3).
   It affects your accuracy and damage with ranged weapons and melee attacks
   (+3).
   It insulates you from electricity.
 z - the ring "Xisimp" {rElec MR+ Str+4 Int+4 Stlth+}
   (You found it on level 3 of the Tomb of the Ancients)

   [ring of stealth]

   It affects your strength (+4).
   It affects your intelligence (+4).
   It insulates you from electricity.
   It affects your resistance to hostile enchantments.
   It makes you more stealthy.
 C - the amulet "Tenomimi" {RegenMP +Blink +Inv rC+ Int+2}
   (You took it off a deep elf demonologist on level 3 of the Elven Halls)

   [amulet of magic regeneration]

   It increases your magic regeneration.
   It affects your intelligence (+2).
   It protects you from cold.
   It lets you turn invisible.
   It lets you blink.
 N - the ring of Wisdom (right claw) {rF+ Str+5 Int+7 Dex-2}
   (You found it in Pandemonium)

   [ring of protection from fire]

   It affects your strength (+5).
   It affects your intelligence (+7).
   It affects your dexterity (-2).
   It protects you from fire.
Wands
 a - a wand of acid (8)
 q - a wand of paralysis (60)
 r - a wand of digging (97)
 F - a wand of polymorph (88)
 J - a wand of enslavement (92)
 O - a wand of iceblast (90)
 T - a wand of scattershot (11)
Scrolls
 i - 23 scrolls of teleportation
 m - 34 scrolls of remove curse
 o - 4 scrolls of silence
 t - 14 scrolls of fog
 x - 9 scrolls of fear
 A - 4 scrolls of identify
 G - 7 scrolls of magic mapping
 R - 3 scrolls of enchant weapon
 V - 5 scrolls of summoning
 Y - 6 scrolls of blinking
Potions
 d - 18 potions of brilliance
 e - 7 potions of magic
 h - 19 potions of curing
 l - 5 potions of heal wounds
 n - 8 potions of cancellation
 s - 15 potions of flight
 w - 4 potions of resistance
 D - 7 potions of might
 W - 2 potions of agility
 Z - 3 potions of invisibility
Books
 E - a manual of Invocations
 M - a manual of Transmutations
Miscellaneous
 c - 6 sacks of spiders
 p - 3 boxes of beasts
 I - 3 phantom mirrors
 L - a lamp of fire
 P - a lightning rod (4/4)
 S - a fan of gales
 U - a phial of floods
Comestibles
 f - 95 rations


   Skills:
 + Level 24.5 Fighting
 - Level 18.0 Axes
 - Level 10.6 Throwing
 + Level 17.0 Armour
 + Level 14.9 Dodging
 - Level 15.8 Stealth
 - Level 14.0 Shields
 + Level 20.0 Spellcasting
 - Level 11.0 Summonings
 - Level 5.8 Translocations
 - Level 10.1 Transmutations
 - Level 24.1 Earth Magic
 + Level 24.1 Invocations
 - Level 15.2 Evocations


You had 14 spell levels left.
You knew the following spells:

 Your Spells              Type           Power        Failure   Level  Hunger
a - Apportation           Tloc           ######       0%          1    None
b - Poisonous Vapours     Pois/Air       ####..       1%          2    None
c - Conjure Flame         Conj/Fire      ####....     1%          3    None
d - Statue Form           Tmut/Erth      #######..    1%          6    None
e - Summon Forest         Summ/Tloc      ######....   1%          5    None
f - Blink                 Tloc           N/A          1%          2    None
g - Shatter               Erth           #######...   1%          9    ####...
h - Lesser Beckoning      Tloc           ######....   1%          3    None
i - Passwall              Tmut/Erth      #######...   0%          2    None
j - Aura of Abjuration    Summ           ######....   1%          5    None
k - Summon Butterflies    Summ           ######..     0%          1    None
l - Summon Hydra          Summ           ######....   3%          7    None
m - Shadow Creatures      Summ           N/A          1%          6    None


Dungeon Overview and Level Annotations

Branches:
Dungeon (15/15)            Temple (1/1) D:7            Lair (6/6) D:9
  Swamp (4/4) Lair:4        Snake (4/4) Lair:3        Slime (5/5) Lair:5
    Orc (2/2) D:10            Elf (3/3) Orc:2        Vaults (5/5) D:13
  Crypt (3/3) Vaults:3       Tomb (3/3) Crypt:3      Depths (5/5) D:15
   Hell (1/1)                 Dis (0/7) Hell            Geh (0/7) Hell
    Coc (0/7) Hell            Tar (0/7) Hell            Zot (5/5) Depths:5

Altars:
Ashenzari
Cheibriados
Dithmenos
Elyvilon
Fedhas
Gozag
Hepliaklqana
Kikubaaqudgha
Makhleb
Nemelex Xobeh
Okawaru
Qazlal
Ru
Sif Muna
Trog
Uskayaw
Vehumet
Wu Jian
Xom
Yredelemnul
Zin
The Shining One
Beogh
Jiyva

Shops:
D:5 [   D:10 [(   Orc:2 (=(*[   Elf:1 (   Elf:2 ==}   Elf:3 }   Snake:1 }
Vaults:1 (   Vaults:2 [   Vaults:3 *   Vaults:4 *   Vaults:5 %*

Portals:
Hell: Depths:1 Depths:2 Depths:3 Depths:4 Depths:5
Abyss: Depths:4
Pandemonium: Depths:3
Ziggurat: Depths:4

Annotations:
D:3 dxctxrx's ghost, amateur DEFE


Innate Abilities, Weirdness & Mutations

You cannot wear boots.
((Your serpentine skin is tough. (AC +9)))
You have supernaturally acute eyesight. (SInv)
Armour fits poorly on your strangely shaped body.
Your system is resistant to poisons. (rPois)
((You cover ground very slowly.))
You have a slow metabolism.
You can spit poison.
You can use your snake-like lower body to constrict enemies.
You have sharp fingernails.
You have very sharp teeth.
You have a pair of small horns on your head.
((You are partially covered in thin metallic scales. (AC +2)))
((You are partially covered in yellow scales. (AC +2)))
You are frail. (-10% HP)
Your magical capacity is low. (-10% MP)
You occasionally shout uncontrollably at your foes.
You are resistant to electric shocks. (rElec)
You are occasionally teleported next to monsters.
You are weak. (Str -2)
Your spells are easier to cast, but less powerful.
You expend magic power (3 MP) to strengthen your wands.


Message History

You slice the orange demon!! You headbutt the orange demon!
The orange demon is almost dead.
You constrict the orange demon.
You kill the orange demon!
Cheibriados thoroughly appreciates the change of pace.
No target in view!
Why would you want to do that?
There is a staircase leading out of the dungeon here.
Casting: Statue Form (safe; 1% risk of failure)
Confirm with . or Enter, or press ? or * to list all spells.
You turn into a living statue of rough stone.
The +0 pair of fencer's gloves {+Riposte Dex+3} melds into your body.
Your +4 naga barding melds into your body.
Your +10 shadow dragon scales melds into your body.
Unknown command.
You feel better.
Casting: Statue Form (safe; 1% risk of failure)
Confirm with . or Enter, or press ? or * to list all spells.
Okay, then.
You have escaped!

.#.#
###≈≈≈≈≈≈≈≈≈≈≈≈≈#
.#.#
#≈≈≈≈≈≈≈≈≈≈≈≈≈#
...#
#≈≈≈≈≈≈≈≈≈≈≈≈≈#
####
#≈≈≈≈≈≈≈≈≈≈≈≈≈#
###
#≈≈≈≈≈≈≈≈≈≈≈≈≈#
..#
#≈≈≈≈≈≈≈≈≈≈≈≈≈#
..#
#≈≈≈≈≈≈≈≈≈≈≈≈≈#
..#
#≈≈≈≈≈...≈≈≈≈≈#
..#
#≈≈≈≈..8..≈≈≈≈#
..#
#≈≈≈≈≈...≈≈≈≈≈#
###
#≈≈≈≈≈≈≈≈≈≈≈≈≈# #
#≈≈≈≈≈≈≈≈≈≈≈≈≈# #
#≈≈≈≈≈≈≈≈≈≈≈≈≈# #
#≈≈≈≈≈≈≈≈≈≈≈≈≈# #
############### #
#


There were no monsters in sight!

Vanquished Creatures
  Cerebov (Pan)
  3 pandemonium lords (Pan)
  the Royal Jelly (Slime:5)
  Gloorx Vloq (Pan)
  Mnoleg (Pan)
  8 orbs of fire (Zot:5)
  Mara (Vaults:2)
  Mennas (Pan)
  3 juggernauts (Depths:4)
  2 ancient liches
  21 greater mummies
  the Lernaean hydra (Swamp:4)
  Bai Suzhen (Depths:1)
  Saint Roka (Elf:3)
  3 Killer Klowns
  Frederick (Crypt:2)
  8 golden dragons
  Geryon (Hell)
  A profane servitor (Crypt:3)
  6 Tzitzimimeh
  3 bone dragons
  2 Brimstone Fiends (Pan)
  19 tentacled monstrosities
  4 Hell Sentinels
  3 electric golems
  4 Ice Fiends
  27 Orb Guardians
  15 liches
  5 quicksilver dragons
  Asterion (Snake:1)
  2 deep elf master archers (Elf:3)
  20 acid blobs
  5 titans
  26 Executioners (Pan)
  Kirke (D:12)
  6 tentacled starspawn
  Murray (Hell)
  10 sphinxes
  Gastronok (D:11)
  17 ancient champions
  6 death cobs
  An eldritch tentacle (Pan)
  4 tengu reavers
  16 shadow dragons
  2 thorn hunters
  The ghost of PeterLawrence the Fighter, an adept MiFi of Okawaru (Elf:2)
  Roxanne (Swamp:3)
  3 draconian monks
  Donald (Vaults:4)
  19 storm dragons
  13 nagarajas (Snake:4)
  10 fire giants
  A daeva (Depths:4)
  3 revenants
  The ghost of George the Fencer, a journeyman MiFi of the Shining One (Orc:2)
  15 frost giants
  10 azure jellies
  19 vault wardens
  5 draconian scorchers
  3 draconian knights
  An iron dragon (Vaults:5)
  An imperial myrmidon (Desolation)
  9 deep elf sorcerers
  28 balrugs
  6 warmongers (Pan)
  2 angels (Depths:4)
  3 ghost moths
  An orc warlord (Orc:2)
  4 draconian shifters
  25 cacodemons
  3 draconian stormcallers
  6 curse skulls
  19 very ugly things
  6 deep elf elementalists
  9 ghouls
  9 reapers
  3 entropy weavers
  2 vampire knights
  2 war gargoyles (Hell)
  7 draconian annihilators
  16 ironheart preservers
  21 stone giants
  2 blood saints (Pan)
  Nessos (D:13)
  18 bennus
  5 deep elf demonologists
  5 black suns (Pan)
  10 purple draconians
  6 corrupters (Pan)
  3 halazid warlocks (Desolation)
  7 lorocyprocas (Pan)
  10 green draconians
  13 deep elf annihilators
  16 yellow draconians
  Azrael (D:13)
  9 red draconians
  5 black draconians
  16 ettins
  3 white draconians
  2 spark wasps (Depths:2)
  9 deep elf death magi
  4 eidola
  21 green deaths
  6 death oozes (Slime:5)
  16 mummy priests
  Josephine (D:11)
  11 jiangshi
  15 blizzard demons
  9 ragged hierophants (Desolation)
  3 crystal guardians (Desolation)
  11 fire dragons
  13 yaktaur captains
  41 vault guards
  9 deep elf high priests
  4 ghost crabs
  4 hell beasts
  9 ice dragons
  20 hydras
  13 servants of whispers
  9 great orbs of eyes
  7 rakshasas
  23 naga warriors
  11 monstrous demonspawn (Pan)
  A quicksilver dragon skeleton (Pan)
  7 anacondas
  A spriggan air mage (Depths:2)
  5 peacekeepers (Desolation)
  10 centaur warriors
  6 death yaks (Lair:6)
  Erica (D:11)
  A satyr (Abyss:3)
  A two-headed ogre (shapeshifter) (Vaults:5)
  8 death knights
  3 catoblepae (Lair:6)
  46 two-headed ogres
  14 ogre magi
  29 dancing weapons
  62 death scarabs
  5 deep troll shamans
  A hell hog (Hell)
  8 tengu warriors
  2 orc high priests
  6 vampire magi
  A titan zombie (Hell)
  6 alligators
  10 deep troll earth magi
  6 thrashing horrors
  9 shock serpents
  40 soul eaters
  20 naga sharpshooters
  2 titan skeletons (Pan)
  3 wretched stars
  3 storm dragon zombies
  2 iron golems (Hell)
  5 hell knights
  3 iron trolls
  11 shadow wraiths
  A spark wasp zombie (Crypt:3)
  65 sun demons
  48 large abominations
  29 deep elf knights
  31 deep trolls
  8 torturous demonspawn (Pan)
  A fire crab (shapeshifter) (Vaults:1)
  33 sixfirhies
  2 spatial maelstroms (Abyss:1)
  12 shadow demons
  2 salamander mystics
  An entropy weaver zombie (Crypt:3)
  45 skeletal warriors
  2 spriggan druids
  2 golden dragon zombies
  9 infernal demonspawn (Pan)
  6 anaconda zombies
  7 flayed ghosts
  5 naga ritualists
  12 swamp dragons
  A golden dragon skeleton (Pan)
  2 unseen horrors
  A kraken simulacrum (Hell)
  Pikel (D:8)
  19 deep elf archers
  6 glowing orange brains
  22 ironbrand convokers
  14 wizards
  A swamp dragon (shapeshifter) (Vaults:3)
  2 anaconda skeletons
  15 harpies
  2 shambling mangroves
  A sphinx zombie (Depths:3)
  A shadow dragon zombie (Crypt:3)
  7 gelid demonspawn (Pan)
  12 mana vipers
  22 orc knights
  92 deep elf magi
  2 iron dragon zombies
  A harpy (shapeshifter) (Abyss:2)
  11 phantasmal warriors
  6 necromancers
  10 orc sorcerers
  2 tengu skeletons
  A fire giant zombie (D:15)
  38 ugly things
  13 salamanders
  A cyclops (shapeshifter) (Depths:5)
  7 cyclopes
  A shadow dragon skeleton (Pan)
  3 shining eyes
  4 manticores
  A worldbinder (Abyss:3)
  4 wolf spiders
  A manticore (shapeshifter) (Depths:3)
  6 stone giant skeletons
  An iron dragon skeleton (Pan)
  2 stone giant zombies
  A black mamba (shapeshifter) (Vaults:1)
  10 guardian serpents
  17 moths of wrath
  An elephant (shapeshifter) (Vaults:4)
  34 black mambas
  6 rust devils
  7 vault sentinels
  3 frost giant skeletons
  2 apocalypse crabs
  35 orange demons
  10 naga magi
  5 eyes of devastation
  42 smoke demons
  3 gargoyles
  An elephant slug zombie (Crypt:2)
  A guardian serpent (shapeshifter) (Depths:1)
  2 yaktaur zombies
  3 molten gargoyles
  14 spiny frogs
  5 spectral swamp worms
  7 hellions
  2 ice statues (Hell)
  A komodo dragon (shapeshifter) (Vaults:2)
  2 dire elephant skeletons (Crypt:3)
  A green draconian zombie (Crypt:3)
  A spriggan skeleton (Depths:3)
  3 rime drakes
  5 ice devils
  A redback zombie (Crypt:1)
  40 yaktaurs
  4 efreet
  6 komodo dragons
  20 hellwings
  10 freezing wraiths
  A catoblepas zombie (Tomb:1)
  5 tormentors
  2 yaktaur skeletons
  6 tengu conjurers
  7 ancient zymes
  10 demonic crawlers
  52 guardian mummies
  3 hydra zombies
  A queen ant zombie (Crypt:3)
  A troll (shapeshifter) (Vaults:5)
  22 red devils
  4 polar bears
  9 trolls
  A human skeleton (Vaults:1)
  A meliai (shapeshifter) (D:15)
  A shadow dragon simulacrum (Tomb:1)
  9 hornets
  2 tyrant leeches
  66 saltlings
  A blink frog (shapeshifter) (Vaults:5)
  A wolf spider simulacrum (Crypt:3)
  A jumping spider zombie (Crypt:3)
  2 hydra skeletons (Pan)
  109 slime creatures
  8 bog bodies
  6 raiju
  14 blink frogs
  A raiju (shapeshifter) (Vaults:4)
  A black mamba zombie (Tomb:2)
  A snapping turtle (shapeshifter) (Vaults:4)
  An alligator skeleton (Crypt:3)
  10 hippogriffs
  2 alligator zombies (Hell)
  10 water elementals
  2 ettin zombies
  A fire dragon skeleton (Crypt:3)
  9 spriggans
  6 air elementals
  8 flying skulls
  2 redbacks (Vaults:5)
  25 ynoxinuls
  2 shadows
  27 starcursed masses
  A spriggan (shapeshifter) (Depths:3)
  3 ettin skeletons
  10 ushabtiu
  5 wyverns
  13 wraiths
  63 yaks
  8 small abominations
  3 hogs (D:12)
  3 steam dragons
  A hog (shapeshifter) (Vaults:3)
  11 fire elementals
  17 vampire mosquitoes
  2 basilisks
  16 humans (D:13)
  A hungry ghost (Abyss:4)
  3 golden eyes (Slime:4)
  17 chaos spawn
  29 neqoxecs
  3 spatial vortices (Abyss:1)
  3 basilisks (shapeshifter)
  68 nagas
  A naga (shapeshifter) (Vaults:3)
  25 insubstantial wisps
  A water nymph zombie (Crypt:2)
  10 wargs
  10 water moccasins
  2 acid dragons
  20 swamp worms
  A soldier ant (shapeshifter) (Vaults:3)
  3 floating eyes
  5 porcupines
  2 spiny frog skeletons (Hell)
  13 swamp drakes
  9 hell hounds
  Purgy (Sewer)
  53 orc warriors
  2 sky beasts
  2 human zombies (Vaults:1)
  4 ice beasts
  2 phantoms
  30 ogres
  7 eyes of draining
  A tengu (shapeshifter) (Vaults:1)
  12 wolves
  A snapping turtle skeleton (Crypt:3)
  A boggart (shapeshifter) (Vaults:5)
  12 boggarts
  5 necrophages
  19 centaurs
  2 swamp dragon skeletons (Pan)
  A centaur (shapeshifter) (Vaults:5)
  11 crocodiles
  An octopode zombie (Crypt:1)
  A big kobold (D:12)
  17 bullfrogs
  4 earth elementals
  A wyvern skeleton (D:8)
  A hippogriff skeleton (Crypt:1)
  5 scorpions
  A spriggan zombie (Crypt:1)
  10 wights
  5 killer bees (D:7)
  A yak skeleton (Crypt:2)
  A howler monkey (D:6)
  2 electric eels
  12 crimson imps
  3 lava snakes (Snake:2)
  3 centaur zombies
  2 human simulacra
  3 quasits
  3 bullfrog zombies
  10 iron imps
  9 hounds
  3 jellies
  26 orc priests
  2 bullfrog skeletons
  40 orc wizards
  3 centaur skeletons
  Ijyb (D:4)
  An iguana (shapeshifter) (Depths:2)
  2 iguanas (D:13)
  14 worker ants
  2 hell rats (Lair:3)
  A tengu zombie (Hell)
  An ogre skeleton (Crypt:1)
  2 hound zombies (D:5)
  A hound skeleton (D:3)
  45 mummies
  3 gnolls (Orc:1)
  12 adders
  11 river rats
  2 shadow imps
  7 white imps
  5 ufetubi
  A halfling skeleton (Crypt:3)
  3 worms
  3 ball lightnings (Pan)
  2 dart slugs
  4 leopard geckos
  128 orcs
  8 bats
  A bat skeleton (Crypt:3)
  A bat zombie (Crypt:2)
  5 giant cockroaches
  15 goblins
  11 hobgoblins
  15 jackals
  6 quokkas
  3 ball pythons
  6 frilled lizards
  2 frilled lizard zombies
  3 jackal skeletons
  22 kobolds
  A leopard gecko zombie (D:4)
  An orc skeleton (Crypt:1)
  A quokka skeleton (D:4)
  6 rats
  A river rat zombie (Crypt:2)
  3 crawling corpses (Vaults:5)
  7 fire vortices (Pan)
  A fungus (Lair:6)
  A lurking horror (Abyss:3)
  3 plants
  9 starspawn tentacles
3809 creatures vanquished.

Vanquished Creatures (collateral kills)
  A glowing orange brain (Pan)
  A smoke demon (Pan)
  A red devil (Pan)
  A ball lightning (Pan)
4 creatures vanquished.

Vanquished Creatures (others)
  Nikola (Vaults:3)
  A lich (Tomb:1)
  A death cob (Zot:5)
  A draconian knight (Zot:3)
  2 fire giants (Depths:5)
  2 stone giants
  A yaktaur captain (Vaults:5)
  A quicksilver dragon skeleton (Tomb:1)
  10 death scarabs
  A hell hog (Hell)
  A soul eater (Pan)
  A skeletal warrior (Tomb:1)
  3 deep elf archers
  A glowing orange brain (Pan)
  A necromancer (Depths:3)
  A naga mage (Snake:4)
  A smoke demon (Pan)
  9 yaktaurs
  A hellwing (Pan)
  A hornet (Swamp:1)
  A red devil (Pan)
  5 flying skulls
  2 ynoxinuls (Pan)
  A hydra simulacrum (Tomb:2)
  A swamp drake (Swamp:2)
  A boggart (Depths:2)
  2 ogres
  3 centaurs (Depths:2)
  2 crimson imps
  7 mummies
  A white imp (Zot:5)
  10 ball lightnings (Pan)
  2 orcs
  A block of ice (Pan)
  A crawling corpse (Vaults:5)
  4 fungi
  7 plants
  6 starspawn tentacles
  4 tentacles (Hell)
  20 withered plants (Crypt:3)
122 creatures vanquished.

Grand Total: 3935 creatures vanquished

Notes
Turn   | Place    | Note
-------+----------+-------------------------------------------
     0 | D:1      | tsouns the Naga Fighter began the quest for the Orb.
     0 | D:1      | Reached XP level 1. HP: 21/21 MP: 1/1
   130 | D:1      | Reached XP level 2. HP: 13/28 MP: 2/2
   469 | D:1      | Reached XP level 3. HP: 34/34 MP: 3/3
   926 | D:2      | Reached XP level 4. HP: 3/43 MP: 4/4
  2031 | D:3      | Reached XP level 5. HP: 28/50 MP: 5/5
  2066 | D:3      | Noticed dxctxrx's ghost (amateur DEFE)
  2477 | D:3      | Found a hide-covered altar of Uskayaw.
  2481 | D:3      | Found a shattered altar of Ashenzari.
  2656 | D:3      | Found an iron altar of Okawaru.
  3365 | D:4      | Reached skill level 5 in Axes
  3369 | D:4      | Reached XP level 6. HP: 26/58 MP: 6/6
  3960 | D:4      | Found an ornate altar of the Wu Jian Council.
  4055 | D:4      | Noticed Ijyb
  4065 | D:4      | Killed Ijyb
  4221 | D:4      | Reached skill level 5 in Fighting
  4221 | D:4      | Reached XP level 7. HP: 28/67 MP: 7/7
  4634 | D:4      | Found a white marble altar of Elyvilon.
  4790 | D:5      | Entered Level 5 of the Dungeon
  4790 | D:5      | Found Nilohios's Antique Armour Shoppe.
  4808 | D:5      | Bought an embroidered hat for 210 gold pieces
  5166 | D:5      | Reached XP level 8. HP: 76/76 MP: 8/8
  5675 | D:6      | Identified a scroll of acquirement
  5755 | D:6      | Found a glowing drain.
  5764 | Sewer    | Entered a sewer
  5895 | Sewer    | Noticed Purgy
  5902 | Sewer    | Killed Purgy
  6027 | D:6      | Found a hide-covered altar of Uskayaw.
  6846 | D:7      | Reached XP level 9. HP: 86/86 MP: 9/9
  7236 | D:7      | Found a staircase to the Ecumenical Temple.
  7251 | Temple   | Entered the Ecumenical Temple
  7506 | Temple   | Became a worshipper of Cheibriados the Contemplative
  7594 | D:7      | Found a stormy altar of Qazlal.
  7951 | D:8      | You fall through a shaft for 3 floors!
  7974 | D:10     | Entered Level 10 of the Dungeon
  8030 | D:10     | Found Xeigeub's Weapon Shop.
  8030 | D:10     | Found a staircase to the Orcish Mines.
  8030 | D:10     | Found Camufugo's Armour Shop.
  8056 | D:10     | Bought a +2 pair of gloves for 231 gold pieces
  8093 | D:10     | Noticed a troll
  8105 | D:10     | Killed a troll
  8105 | D:10     | Reached skill level 10 in Axes
  8375 | D:9      | Reached * piety under Cheibriados
  8386 | D:9      | Reached skill level 1 in Invocations
  8558 | D:8      | Reached ** piety under Cheibriados
  8713 | D:8      | Noticed Pikel
  8729 | D:8      | Killed Pikel
  8729 | D:8      | Reached XP level 10. HP: 98/98 MP: 12/12
  9362 | D:9      | Found a staircase to the Lair.
  9844 | D:9      | Found a basalt altar of Yredelemnul.
  9890 | D:9      | Noticed a gargoyle
  9906 | D:9      | Killed a gargoyle
 10256 | D:9      | Learned a level 1 spell: Apportation
 10259 | D:9      | Learned a level 2 spell: Poisonous Vapours
 10600 | D:10     | Noticed a cyclops
 10611 | D:10     | Noticed a two-headed ogre
 10631 | D:10     | Noticed an unseen horror
 11253 | D:5      | Reached *** piety under Cheibriados
 11300 | D:5      | Bought an encrusted ring mail for 270 gold pieces
 11310 | D:5      | Identified the +4 ring mail of the Saviour {*Contam rPois rF+} (You bought it in a shop on level 5 of the Dungeon)
 11408 | Lair:1   | Entered Level 1 of the Lair of Beasts
 11426 | Lair:1   | Reached skill level 5 in Invocations
 11448 | Lair:1   | Got a faintly humming hat
 11459 | Lair:1   | Identified the +1 hat "Deha" {rElec} (You found it on level 1 of the Lair of Beasts)
 11475 | Lair:1   | Noticed a four-headed hydra
 11483 | Lair:1   | Killed a four-headed hydra
 11539 | Lair:1   | Reached XP level 11. HP: 77/106 MP: 15/15
 11615 | Lair:1   | Reached skill level 1 in Dodging
 11708 | Lair:1   | Noticed Sonja
 11708 | Lair:1   | Noticed Sonja
 11708 | Lair:1   | Sonja changed into Sonja the crocodile
 11714 | Lair:1   | Killed Sonja the crocodile
 12090 | Lair:2   | Reached **** piety under Cheibriados
 12347 | Lair:2   | Reached skill level 10 in Fighting
 12848 | Lair:3   | Got a spiked leather armour
 12859 | Lair:3   | Identified the +2 leather armour of Defence {rPois MR+ Int-4 Dex+4} (You found it on level 3 of the Lair of Beasts)
 13049 | Lair:3   | Found a staircase to the Snake Pit.
 13266 | Lair:3   | Reached XP level 12. HP: 112/116 MP: 17/17
 13598 | Lair:4   | Reached ***** piety under Cheibriados
 13614 | Lair:4   | Reached skill level 5 in Armour
 13614 | Lair:4   | Reached skill level 5 in Shields
 13614 | Lair:4   | Gained mutation: You can use your snake-like lower body to constrict enemies. [Naga growth]
 13614 | Lair:4   | Reached XP level 13. HP: 124/124 MP: 17/19
 14101 | Lair:4   | Found a staircase to the Swamp.
 14842 | Lair:5   | Found a viscous altar of Jiyva.
 14843 | Lair:5   | Found a staircase to the Slime Pits.
 15258 | Lair:6   | Entered Level 6 of the Lair of Beasts
 15527 | Lair:6   | Learned a level 3 spell: Conjure Flame
 16098 | Lair:6   | Reached skill level 10 in Invocations
 16107 | Lair:6   | Reached XP level 14. HP: 127/135 MP: 21/21
 16706 | Orc:1    | Entered Level 1 of the Orcish Mines
 17363 | Orc:2    | Entered Level 2 of the Orcish Mines
 17365 | Orc:2    | Noticed George's ghost (journeyman MiFi)
 17409 | Orc:2    | Killed George's ghost
 17870 | Orc:2    | Reached ****** piety under Cheibriados
 17892 | Orc:2    | Noticed an orc warlord
 17896 | Orc:2    | Found a roughly hewn altar of Beogh.
 17903 | Orc:2    | Killed an orc warlord
 17918 | Orc:2    | Found Zohook's Antique Armour Shoppe.
 17928 | Orc:2    | Bought a naga barding for 736 gold pieces
 17970 | Orc:2    | Found Ymeado's General Store.
 17977 | Orc:2    | Bought a potion of curing for 45 gold pieces
 17977 | Orc:2    | Bought a scroll of enchant armour for 112 gold pieces
 17977 | Orc:2    | Bought a scroll of identify for 30 gold pieces
 17977 | Orc:2    | Bought a scroll of enchant weapon for 112 gold pieces
 17990 | Orc:2    | Found Benaphud's Antique Weapon Shoppe.
 17992 | Orc:2    | Found Coneruf's Jewellery Shoppe.
 18000 | Orc:2    | Found Duhufenu's Weapon Emporium.
 18200 | Orc:2    | Found a staircase to the Elven Halls.
 18440 | D:11     | Noticed Erica
 18454 | D:11     | Killed Erica
 18510 | D:11     | Noticed Gastronok
 18522 | D:11     | Killed Gastronok
 18722 | D:11     | Noticed Josephine
 18733 | D:11     | Killed Josephine
 18733 | D:11     | Reached XP level 15. HP: 112/145 MP: 23/23
 19522 | D:12     | Noticed Kirke
 19531 | D:12     | Killed Kirke
 19762 | D:13     | Found a gate to the Vaults.
 19762 | D:13     | Noticed Nessos
 19762 | D:13     | Noticed Azrael
 19764 | D:13     | Killed Nessos
 19767 | D:13     | Killed Azrael
 19782 | D:13     | Reached skill level 10 in Shields
 20504 | D:14     | Reached skill level 15 in Axes
 20984 | D:15     | Entered Level 15 of the Dungeon
 21260 | D:15     | Reached XP level 16. HP: 156/156 MP: 25/25
 21560 | D:15     | Found a staircase to the Depths.
 21597 | D:15     | Identified the cursed +1 war axe "Aplat" {freeze, rC+ Str+3 Dex-3 Stlth+} (You found it on level 15 of the Dungeon)
 22112 | Snake:1  | Entered Level 1 of the Snake Pit
 22122 | Snake:1  | Noticed Asterion
 22138 | Snake:1  | Killed Asterion
 22271 | Snake:1  | Found Miheas's Gadget Shoppe.
 22282 | Snake:1  | Bought a wand of clouds (4) for 288 gold pieces
 22643 | Snake:1  | Learned a level 6 spell: Statue Form
 23399 | Snake:2  | Reached skill level 10 in Armour
 23451 | Snake:2  | Identified the +5 long sword "Xygror Siuqe" {slice, Dex+6} (You took it off a naga sharpshooter on level 2 of the Snake Pit)
 24175 | Snake:3  | Reached XP level 17. HP: 157/165 MP: 27/27
 24379 | Snake:3  | Reached skill level 1 in Earth Magic
 24578 | Snake:4  | Entered Level 4 of the Snake Pit
 24641 | Snake:4  | Reached skill level 1 in Spellcasting
 25072 | Snake:4  | Reached skill level 5 in Dodging
 25136 | Snake:4  | Got a serpentine rune of Zot
 25306 | Snake:4  | Found a deep blue altar of Sif Muna.
 25464 | Snake:4  | Reached XP level 18. HP: 176/176 MP: 28/28
 26000 | Swamp:1  | Entered Level 1 of the Swamp
 26636 | Swamp:1  | Found an ancient bone altar of Kikubaaqudgha.
 26837 | Swamp:2  | Reached skill level 1 in Evocations
 27197 | Swamp:2  | Learned a level 5 spell: Dispel Undead
 27957 | Swamp:3  | Got a pair of slimy gloves
 27969 | Swamp:3  | Identified the +0 pair of gloves of Eternity {Dex+4} (You found it on level 3 of the Swamp)
 28071 | Swamp:3  | Noticed Roxanne
 28089 | Swamp:3  | Killed Roxanne
 28465 | Swamp:4  | Entered Level 4 of the Swamp
 28672 | Swamp:4  | Reached skill level 15 in Fighting
 28764 | Swamp:4  | Reached XP level 19. HP: 178/186 MP: 30/30
 28892 | Swamp:4  | Noticed the 27-headed Lernaean hydra
 28903 | Swamp:4  | Killed the 27-headed Lernaean hydra
 28959 | Swamp:4  | Reached skill level 15 in Invocations
 29190 | Swamp:4  | Got a decaying rune of Zot
 29872 | Vaults:1 | Entered Level 1 of the Vaults
 30372 | Vaults:1 | Got a pair of smoking gloves
 30383 | Vaults:1 | Identified the +0 pair of gloves "Liacasilol" {rElec Dex+3} (You acquired it on level 1 of the Vaults)
 30565 | Vaults:1 | Reached XP level 20. HP: 195/195 MP: 31/31
 30804 | Vaults:1 | Found Qourph's Antique Weapon Boutique.
 30812 | Vaults:1 | Bought a brightly glowing broad axe for 324 gold pieces
 30812 | Vaults:1 | Identified the cursed +2 broad axe of the Gloaming {distort, rElec Dex+2} (You bought it in a shop on level 1 of the Vaults)
 31113 | Vaults:2 | Noticed Mara
 31115 | Vaults:2 | Noticed tsouns's illusion
 31146 | Vaults:2 | Killed Mara
 31183 | Vaults:2 | Found Ykitoywo's Antique Armour Emporium.
 31224 | Vaults:2 | Bought a shiny helmet for 232 gold pieces
 32292 | Vaults:3 | Found Piacuk Ysowk's Assorted Antiques.
 32297 | Vaults:3 | Bought a translucent helmet for 342 gold pieces
 32311 | Vaults:3 | Identified the +1 helmet "Ylefra" {*Corrode MP+9 SInv} (You bought it in a shop on level 3 of the Vaults)
 32477 | Vaults:3 | Reached XP level 21. HP: 205/205 MP: 33/33
 32634 | Vaults:3 | Noticed Nikola
 32639 | Vaults:3 | Killed Nikola
 33369 | Vaults:3 | Found a staircase to the Crypt.
 33540 | Vaults:4 | Noticed Donald
 33547 | Vaults:4 | Killed Donald
 33669 | Vaults:4 | Found Egyt's Assorted Antiques.
 33690 | Vaults:4 | Bought a potion of heal wounds for 210 gold pieces
 33690 | Vaults:4 | Bought a potion of curing for 126 gold pieces
 33862 | Vaults:4 | Got a crude naga barding
 33873 | Vaults:4 | Identified the +2 naga barding of Vanity {-Tele Regen+ Str+5} (You acquired it on level 4 of the Vaults)
 33909 | Vaults:4 | Learned a level 2 spell: Blink
 33976 | Vaults:4 | Reached skill level 1 in Transmutations
 34051 | Vaults:4 | Reached skill level 5 in Spellcasting
 34196 | Vaults:4 | Reached skill level 5 in Evocations
 34706 | Elf:1    | Entered Level 1 of the Elven Halls
 34833 | Elf:1    | Found Icziq's Weapon Shoppe.
 34860 | Elf:1    | Reached XP level 22. HP: 168/216 MP: 34/34
 34950 | Elf:1    | Found a ruined gateway.
 34980 | Elf:1    | Learned a level 9 spell: Shatter
 34981 | Desolati | Entered the Desolation of Salt
 35022 | Desolati | Reached skill level 10 in Stealth
 35160 | Desolati | Identified the Collected Works on Confrontation
 35212 | Desolati | Identified the Catalogue of Displaced Unholy Rituals
 35218 | Desolati | Learned a level 3 spell: Lesser Beckoning
 35510 | Desolati | Reached skill level 10 in Dodging
 35520 | Desolati | Reached skill level 5 in Earth Magic
 35569 | Desolati | Identified the ring "Ashrepn" {+Fly Int+3} (You found it in the Desolation of Salt)
 35625 | Desolati | Got a crude steel ring
 35626 | Desolati | Identified the ring "Vodak" {Fire Int+2} (You found it in the Desolation of Salt)
 35793 | Desolati | Identified the Guide on the Entourage
 36082 | Elf:1    | Learned a level 5 spell: Summon Forest
 36393 | Elf:1    | Reached skill level 1 in Summonings
 36393 | Elf:1    | Reached skill level 1 in Translocations
 36633 | Elf:2    | Found a deep blue altar of Sif Muna.
 36767 | Elf:2    | Found a runed gate.
 36767 | Elf:2    | Found a runed gate.
 36768 | Elf:2    | Found a runed gate.
 36932 | Elf:2    | Found Zatremou's Gadget Emporium.
 36932 | Elf:2    | Found Naguungo's Jewellery Shop.
 36933 | Elf:2    | Found Kairyf's Jewellery Shop.
 37172 | Elf:2    | Upgraded the game from 0.22-a0-160-gcc81d7a to 0.22-a0-161-g198051c
 37180 | Elf:2    | Reached XP level 23. HP: 222/224 MP: 35/35
 37195 | Elf:2    | Noticed PeterLawrence's ghost (adept MiFi)
 37285 | Elf:2    | Killed PeterLawrence's ghost
 37590 | Elf:2    | Reached skill level 5 in Transmutations
 37732 | Elf:3    | Entered Level 3 of the Elven Halls
 37856 | Elf:3    | Found Duituxt's Gadget Emporium.
 38119 | Elf:3    | Learned a level 2 spell: Passwall
 38773 | Elf:3    | Got a scorched crystal amulet
 38777 | Elf:3    | Identified the amulet "Tenomimi" {RegenMP +Blink +Inv rC+ Int+2} (You took it off a deep elf demonologist on level 3 of the Elven Halls)
 38813 | Elf:3    | Noticed Saint Roka
 38840 | Elf:3    | Killed Saint Roka
 38929 | Elf:3    | Found the +8 Wrath of Trog {antimagic, *Rage}
 38950 | Elf:3    | Got a pitted pewter amulet
 38951 | Elf:3    | Identified the amulet "Suhann" {rF+ MR+ Regen+} (You found it on level 3 of the Elven Halls)
 38959 | Elf:3    | Identified Sif Muna's Catalogue of the Oath
 38977 | Elf:3    | Identified the Collected Works on Harmful Poison
 39001 | Elf:3    | Found the +0 pair of fencer's gloves {+Riposte Dex+3}
 39532 | Depths:1 | Entered Level 1 of the Depths
 39532 | Depths:1 | Noticed Bai Suzhen
 39552 | Depths:1 | Killed Bai Suzhen
 39759 | Depths:1 | Found a gateway to Hell.
 39854 | Depths:1 | Reached skill level 5 in Summonings
 39867 | Depths:1 | Identified the +6 hand crossbow of Internal Strife {velocity, rElec rC+ Dex-4} (You found it on level 1 of the Depths)
 39994 | Depths:1 | Reached XP level 24. HP: 234/234 MP: 35/35
 40321 | Elf:2    | Bought the ring "Juwyt" {rElec Dex+3 Slay+3} for 719 gold pieces
 41386 | Depths:2 | Identified the ring of Uptos {rF+ Stlth-} (You took it off a yaktaur on level 2 of the Depths)
 41410 | Depths:2 | Identified Fuile's Tome of Creative Ice
 41436 | Depths:2 | Learned a level 5 spell: Aura of Abjuration
 41439 | Depths:2 | Identified Qycaq's Incunabulum of Ghastly Calling
 41442 | Depths:2 | Learned a level 1 spell: Summon Butterflies
 42426 | Depths:3 | Found a one-way gate leading to the halls of Pandemonium.
 42535 | Depths:3 | Reached skill level 10 in Spellcasting
 42668 | Depths:3 | Reached XP level 25. HP: 142/244 MP: 37/37
 43046 | Depths:4 | Reached skill level 10 in Evocations
 43144 | Depths:4 | Noticed a juggernaut
 43144 | Depths:4 | Noticed a juggernaut
 43150 | Depths:4 | Noticed a juggernaut
 43163 | Depths:4 | Killed a juggernaut
 43163 | Depths:4 | Killed a juggernaut
 43176 | Depths:4 | Killed a juggernaut
 43234 | Depths:4 | Found a gateway to a ziggurat.
 43240 | Depths:4 | Paralysed by a floating eye for 2 turns
 43434 | Depths:4 | Found a one-way gate to the infinite horrors of the Abyss.
 43774 | Depths:5 | Entered Level 5 of the Depths
 44061 | Depths:5 | Found a gate to the Realm of Zot.
 44977 | Vaults:5 | Entered Level 5 of the Vaults
 44982 | Vaults:5 | Reached skill level 15 in Armour
 44982 | Vaults:5 | Reached XP level 26. HP: 255/255 MP: 24/39
 45009 | Vaults:5 | Reached skill level 5 in Translocations
 45481 | Vaults:5 | Got a silver rune of Zot
 45483 | Vaults:5 | Identified the Collected Works on Lucky Dark Rituals
 46093 | Vaults:5 | Reached XP level 27. HP: 253/265 MP: 40/40
 46098 | Vaults:5 | Identified the Collected Works on Flying Creation
 46263 | Vaults:5 | Found Qestrebb's Food Shoppe.
 46456 | Vaults:5 | Found Xeuti's General Store.
 46461 | Vaults:5 | Bought a potion of heal wounds for 75 gold pieces
 46984 | Slime:1  | Entered Level 1 of the Pits of Slime
 47041 | Slime:3  | Reached skill level 10 in Earth Magic
 47116 | Slime:4  | Gained mutation: You are occasionally teleported next to monsters. [a shining eye]
 47125 | Slime:4  | Paralysed by a floating eye for 4 turns
 47133 | Slime:4  | Gained mutation: You occasionally shout uncontrollably at your foes. [a shining eye]
 47193 | Slime:5  | Entered Level 5 of the Pits of Slime
 47196 | Slime:5  | Gained mutation: Your spells are a little harder to cast, but a little more powerful. [a shining eye]
 47281 | Slime:5  | Noticed the Royal Jelly
 47282 | Slime:5  | Found a viscous altar of Jiyva.
 47310 | Slime:5  | Killed the Royal Jelly
 47406 | Slime:5  | Got a slimy rune of Zot
 47407 | Slime:5  | Identified Xaduog's Guide on Flying Snow
 47443 | Slime:5  | Lost mutation: Your spells are a little harder to cast, but a little more powerful. [potion of mutation]
 47443 | Slime:5  | Lost mutation: You occasionally shout uncontrollably at your foes. [potion of mutation]
 47443 | Slime:5  | Lost mutation: You are occasionally teleported next to monsters. [potion of mutation]
 47443 | Slime:5  | Gained mutation: Your spells are a little harder to cast, but a little more powerful. [potion of mutation]
 47443 | Slime:5  | Gained mutation: You tend to lose your temper in combat. [potion of mutation]
 47443 | Slime:5  | Gained mutation: You expend magic power (3 MP) to strengthen your wands. [potion of mutation]
 47443 | Slime:5  | Gained mutation: You are partially covered in yellow scales. (AC +2) [potion of mutation]
 47457 | Slime:5  | Identified the ring "Xepieps" {rPois rC- MR+ Int+4} (You found it on level 5 of the Pits of Slime)
 48476 | Depths:4 | Voluntarily entered the Abyss.
 48878 | Abyss:3  | Got an abyssal rune of Zot
 48912 | Depths:4 | Escaped the Abyss
 48918 | Depths:4 | Lost mutation: You are partially covered in yellow scales. (AC +2) [potion of mutation]
 48918 | Depths:4 | Lost mutation: Your spells are a little harder to cast, but a little more powerful. [potion of mutation]
 48918 | Depths:4 | Lost mutation: You expend magic power (3 MP) to strengthen your wands. [potion of mutation]
 48918 | Depths:4 | Lost mutation: You tend to lose your temper in combat. [potion of mutation]
 48918 | Depths:4 | Gained mutation: You occasionally shout uncontrollably at your foes. [potion of mutation]
 48918 | Depths:4 | Gained mutation: You possess an exceptional clarity of mind. [potion of mutation]
 48988 | Hell     | Entered the Vestibule of Hell
 48988 | Hell     | Noticed Geryon
 49014 | Hell     | Reached skill level 15 in Evocations
 49077 | Hell     | Killed Geryon
 49355 | Hell     | Found a gateway to the ashen valley of Gehenna.
 49399 | Hell     | Found a gateway to the Iron City of Dis.
 49472 | Hell     | Noticed Murray
 49510 | Hell     | Killed Murray
 49587 | Hell     | Gained mutation: You are occasionally teleported next to monsters. [a cacodemon]
 49671 | Hell     | Reached skill level 10 in Transmutations
 49679 | Hell     | Found a gateway to the decaying netherworld of Tartarus.
 49786 | Hell     | Found a gateway to the freezing wastes of Cocytus.
 50180 | Vaults:3 | Bought a scroll of teleportation for 108 gold pieces
 50432 | Pan      | Entered Pandemonium
 50558 | Pan      | Gained mutation: You are weak. (Str -2) [a cacodemon]
 50609 | Pan      | Noticed Buarad the pandemonium lord
 50632 | Pan      | Killed Buarad the pandemonium lord
 50662 | Pan      | Learned a level 7 spell: Summon Hydra
 50690 | Pan      | Got a demonic rune of Zot
 51122 | Pan      | Found a transporter.
 51155 | Pan      | Gained mutation: You are partially covered in rugged brown scales. (AC +1, +3% HP) [a cacodemon]
 51164 | Pan      | Reached skill level 1 in Throwing
 51233 | Pan      | Noticed Filocvae the pandemonium lord
 51240 | Pan      | Killed Filocvae the pandemonium lord
 51613 | Pan      | Noticed Mennas
 51628 | Pan      | Killed Mennas
 51699 | Pan      | Noticed Peciam the pandemonium lord
 51800 | Pan      | Reached skill level 5 in Throwing
 52143 | Pan      | Noticed Qesho the pandemonium lord
 52144 | Pan      | Entered the realm of Mnoleg.
 52186 | Pan      | Found an exit through the horrors of the Abyss.
 52246 | Pan      | Lost mutation: You possess an exceptional clarity of mind. [a neqoxec]
 52246 | Pan      | Gained mutation: Your body sometimes deteriorates upon taking damage. [a neqoxec]
 52255 | Pan      | Gained mutation: Your magical capacity is low. (-10% MP) [a neqoxec]
 52280 | Pan      | Lost mutation: Your magical capacity is low. (-10% MP) [potion of mutation]
 52280 | Pan      | Lost mutation: You occasionally shout uncontrollably at your foes. [potion of mutation]
 52280 | Pan      | Lost mutation: You are partially covered in rugged brown scales. (AC +1, +3% HP) [potion of mutation]
 52280 | Pan      | Gained mutation: You are frail. (-10% HP) [potion of mutation]
 52280 | Pan      | Gained mutation: Your magical capacity is low. (-10% MP) [potion of mutation]
 52280 | Pan      | Gained mutation: Your flesh is cold resistant. (rC+) [potion of mutation]
 52282 | Pan      | Lost mutation: You are occasionally teleported next to monsters. [potion of mutation]
 52282 | Pan      | Lost mutation: Your magical capacity is low. (-10% MP) [potion of mutation]
 52282 | Pan      | Gained mutation: Potions are less effective at restoring your health. [potion of mutation]
 52282 | Pan      | Lost mutation: You are weak. (Str -2) [potion of mutation]
 52282 | Pan      | Gained mutation: You expend magic power (3 MP) to strengthen your wands. [potion of mutation]
 52282 | Pan      | Gained mutation: Your skin changes colour to match your surroundings (Stealth+). [potion of mutation]
 52322 | Pan      | Gained mutation: You are occasionally teleported next to monsters. [a cacodemon]
 52327 | Pan      | Gained mutation: You occasionally shout uncontrollably at your foes. [a cacodemon]
 52333 | Pan      | Gained mutation: You tend to lose your temper in combat. [a cacodemon]
 52336 | Pan      | Gained mutation: You do not regenerate when monsters are visible. [a neqoxec]
 52337 | Pan      | Gained mutation: Your magical capacity is low. (-10% MP) [a cacodemon]
 52464 | Pan      | Noticed Mnoleg
 52467 | Pan      | Gained mutation: You are dopey. (Int -2) [a cacodemon]
 52475 | Pan      | Killed Mnoleg
 52556 | Pan      | Got a glowing rune of Zot
 52742 | Pan      | Noticed Upuune the pandemonium lord
 52764 | Pan      | Cast into level 4 of the Abyss (Upuune)
 52960 | Abyss:4  | Paralysed by accursed screaming for 1 turns
 52973 | Pan      | Escaped the Abyss
 53380 | Pan      | Identified the ring "Ucsed" {+Blink rN+++ AC+5 Str-3 Stlth+} (You took it off a red devil in Pandemonium)
 53401 | Pan      | Lost mutation: You do not regenerate when monsters are visible. [potion of mutation]
 53401 | Pan      | Lost mutation: You are frail. (-10% HP) [potion of mutation]
 53401 | Pan      | Lost mutation: You tend to lose your temper in combat. [potion of mutation]
 53401 | Pan      | Lost mutation: Your magical capacity is low. (-10% MP) [potion of mutation]
 53401 | Pan      | Gained mutation: You have a pair of small horns on your head. [potion of mutation]
 53401 | Pan      | Gained mutation: You have sharp fingernails. [potion of mutation]
 53403 | Pan      | Entered the realm of Cerebov.
 53446 | Pan      | Found an exit through the horrors of the Abyss.
 53668 | Pan      | Noticed Cerebov
 53727 | Pan      | Identified the ring of Fuobumyh {Ice rPois Str+4 Int+2 Dex+4} (You found it in Pandemonium)
 53743 | Pan      | Identified the ring of Wisdom {rF+ Str+5 Int+7 Dex-2} (You found it in Pandemonium)
 53766 | Pan      | Identified the +9 plate armour of Proximity {rF++ rC- Regen+} (You found it in Pandemonium)
 53768 | Pan      | Identified the ring "Forget-Me-Not" {+Fly rPois rC+ rN+} (You found it in Pandemonium)
 53785 | Pan      | Learned a level 6 spell: Shadow Creatures
 53800 | Pan      | Identified Ziongooj's Almanac of Displaced Conjuration
 53846 | Pan      | Killed Cerebov
 53864 | Pan      | Got a fiery rune of Zot
 53894 | Pan      | Reached skill level 15 in Stealth
 54457 | Pan      | Reached skill level 10 in Summonings
 54797 | Pan      | Gained mutation: You tend to lose your temper in combat. [a cacodemon]
 54824 | Pan      | Entered the realm of Lom Lobon.
 54824 | Pan      | Found an exit through the horrors of the Abyss.
 55289 | Pan      | Noticed Lom Lobon
 55353 | Pan      | HP: 11/271 [yellow draconian annihilator/poison arrow (6)]
 55664 | Pan      | Got a magical rune of Zot
 55691 | Depths:3 | Escaped Pandemonium
 55985 | Zot:1    | Entered Level 1 of the Realm of Zot
 56087 | Zot:1    | Reached skill level 10 in Throwing
 56176 | Zot:1    | Lost mutation: You have a pair of small horns on your head. [potion of mutation]
 56176 | Zot:1    | Lost mutation: Your body sometimes deteriorates upon taking damage. [potion of mutation]
 56176 | Zot:1    | Lost mutation: You are dopey. (Int -2) [potion of mutation]
 56176 | Zot:1    | Lost mutation: You expend magic power (3 MP) to strengthen your wands. [potion of mutation]
 56176 | Zot:1    | Gained mutation: You are weak. (Str -2) [potion of mutation]
 56176 | Zot:1    | Gained mutation: You are partially covered in thin metallic scales. (AC +2) [potion of mutation]
 56176 | Zot:1    | Gained mutation: You have very sharp teeth. [potion of mutation]
 56177 | Zot:1    | Lost mutation: You are weak. (Str -2) [potion of mutation]
 56177 | Zot:1    | Lost mutation: You occasionally shout uncontrollably at your foes. [potion of mutation]
 56177 | Zot:1    | Lost mutation: Your flesh is cold resistant. (rC+) [potion of mutation]
 56177 | Zot:1    | Gained mutation: You are partially covered in yellow scales. (AC +2) [potion of mutation]
 56178 | Zot:1    | Lost mutation: Your skin changes colour to match your surroundings (Stealth+). [potion of mutation]
 56178 | Zot:1    | Lost mutation: You tend to lose your temper in combat. [potion of mutation]
 56178 | Zot:1    | Lost mutation: Potions are less effective at restoring your health. [potion of mutation]
 56178 | Zot:1    | Gained mutation: You have a pair of small horns on your head. [potion of mutation]
 57582 | Zot:2    | Got a twisted war axe
 57585 | Zot:2    | Identified the +9 war axe of Crawling {antimagic, rF++ Str-3 Dex+7} (You acquired it on level 2 of the Realm of Zot)
 59387 | Zot:5    | Entered Level 5 of the Realm of Zot
 59521 | Zot:5    | Reached skill level 15 in Spellcasting
 59578 | Zot:5    | Reached skill level 15 in Earth Magic
 59681 | Zot:5    | Noticed an orb of fire
 59681 | Zot:5    | Noticed an orb of fire
 59683 | Zot:5    | Gained mutation: Your spells are a little easier to cast, but a little less powerful. [an orb of fire]
 59684 | Zot:5    | Noticed an orb of fire
 59684 | Zot:5    | Noticed an orb of fire
 59689 | Zot:5    | Noticed an orb of fire
 59692 | Zot:5    | Killed an orb of fire
 59693 | Zot:5    | Killed an orb of fire
 59695 | Zot:5    | Killed an orb of fire
 59696 | Zot:5    | Killed an orb of fire
 59702 | Zot:5    | Killed an orb of fire
 59724 | Zot:5    | Noticed an ancient lich
 59725 | Zot:5    | Noticed an orb of fire
 59725 | Zot:5    | Noticed an orb of fire
 59851 | Zot:5    | Killed an ancient lich
 59860 | Zot:5    | Noticed an orb of fire
 59887 | Zot:5    | Killed an orb of fire
 59909 | Zot:5    | Killed an orb of fire
 59975 | Zot:5    | Gained mutation: You are frail. (-10% HP) [an orb of fire]
 59981 | Zot:5    | Killed an orb of fire
 60668 | Pan      | Entered Pandemonium
 60903 | Pan      | Gained mutation: You are weak. (Str -2) [a neqoxec]
 61183 | Pan      | Noticed Coakloxe the pandemonium lord
 61198 | Pan      | Killed Coakloxe the pandemonium lord
 61227 | Pan      | Found an exit through the horrors of the Abyss.
 61376 | Pan      | Cast into level 3 of the Abyss (reaper)
 61386 | Pan      | Escaped the Abyss
 61754 | Pan      | Noticed Pudoupyj the pandemonium lord
 61769 | Pan      | Lost mutation: You are frail. (-10% HP) [a cacodemon]
 61818 | Pan      | Gained mutation: Your magical capacity is low. (-10% MP) [a cacodemon]
 61869 | Pan      | Noticed Uloguiph the pandemonium lord
 61998 | Pan      | Entered the realm of Gloorx Vloq.
 62044 | Pan      | Identified the +1 buckler "Raaggeunn" {rF++ rN+ Str+2 Int-3} (You found it in Pandemonium)
 62131 | Pan      | Found an exit through the horrors of the Abyss.
 62856 | Pan      | Noticed Gloorx Vloq
 62860 | Pan      | Killed Gloorx Vloq
 62876 | Pan      | Got a dark rune of Zot
 63051 | Pan      | Took an exit into the Abyss.
 63051 | Abyss:1  | Escaped into the Abyss
 63103 | Abyss:1  | Paralysed by accursed screaming for 1 turns
 63111 | Abyss:1  | Paralysed by accursed screaming for 1 turns
 63134 | Abyss:1  | Paralysed by accursed screaming for 1 turns
 63239 | Abyss:1  | Found a corrupted altar of Lugonu.
 63242 | Abyss:1  | Found a corrupted altar of Lugonu.
 63305 | Depths:3 | Escaped the Abyss
 63594 | Crypt:1  | Entered Level 1 of the Crypt
 64821 | Crypt:2  | Noticed Frederick
 64833 | Crypt:2  | Killed Frederick
 65094 | Crypt:3  | Entered Level 3 of the Crypt
 65545 | Crypt:3  | Found an ancient bone altar of Kikubaaqudgha.
 65553 | Crypt:3  | Found a basalt altar of Yredelemnul.
 65620 | Crypt:3  | Identified the Guide on Air and Fire
 65651 | Crypt:3  | Identified the ring "Ogootwup" {Ice rN+} (You found it on level 3 of the Crypt)
 66102 | Crypt:3  | Found a staircase to the Tomb.
 66111 | Tomb:1   | Entered Level 1 of the Tomb of the Ancients
 66214 | Tomb:1   | Noticed a greater mummy
 66214 | Tomb:1   | Noticed a greater mummy
 66214 | Tomb:1   | Noticed a greater mummy
 66223 | Tomb:1   | Killed a greater mummy
 66233 | Tomb:1   | Killed a greater mummy
 66244 | Tomb:1   | Killed a greater mummy
 66382 | Tomb:1   | Noticed a greater mummy
 66383 | Tomb:1   | Noticed a greater mummy
 66393 | Tomb:1   | Killed a greater mummy
 66398 | Tomb:1   | Killed a greater mummy
 66405 | Tomb:1   | Noticed a greater mummy
 66521 | Tomb:1   | Noticed a greater mummy
 66521 | Tomb:1   | Noticed a greater mummy
 66532 | Tomb:1   | Killed a greater mummy
 66561 | Tomb:1   | HP: 18/365 [catoblepas zombie (16)]
 66802 | Tomb:1   | Upgraded the game from 0.22-a0-161-g198051c to 0.22-a0-162-g33bf127
 66907 | Tomb:1   | Paralysed by a Zot trap for 3 turns
 67013 | Tomb:1   | Noticed a greater mummy
 67035 | Tomb:1   | Killed a greater mummy
 67064 | Tomb:1   | Noticed a greater mummy
 67077 | Tomb:1   | Killed a greater mummy
 67251 | Tomb:2   | Noticed a greater mummy
 67252 | Tomb:2   | Noticed a greater mummy
 67253 | Tomb:2   | Noticed a greater mummy
 67253 | Tomb:2   | Noticed a greater mummy
 67256 | Tomb:2   | Noticed a greater mummy
 67265 | Tomb:2   | HP: 12/284 [death scarab (9)]
 67272 | Tomb:2   | HP: 8/284 [bennu (9)]
 67275 | Tomb:2   | HP: 2/284 [mummy priest/divine providence (12)]
 67443 | Tomb:2   | Killed a greater mummy
 67513 | Tomb:2   | Killed a greater mummy
 67568 | Tomb:2   | Killed a greater mummy
 67569 | Tomb:2   | Killed a greater mummy
 67817 | Tomb:2   | Killed a greater mummy
 68044 | Tomb:3   | Entered Level 3 of the Tomb of the Ancients
 68298 | Tomb:3   | Noticed a greater mummy
 68308 | Tomb:3   | Noticed a greater mummy
 68308 | Tomb:3   | Killed a greater mummy
 68309 | Tomb:3   | Noticed an ancient lich
 68315 | Tomb:3   | Noticed a greater mummy
 68317 | Tomb:3   | Cast into level 5 of the Abyss (the power of Zot)
 68317 | Abyss:5  | Entered Level 5 of the Abyss
 68334 | Abyss:5  | Found a corrupted altar of Lugonu.
 68419 | Abyss:5  | Gained mutation: Your spells are easier to cast, but less powerful. [a neqoxec]
 68485 | Tomb:3   | Escaped the Abyss
 68486 | Tomb:3   | Noticed a greater mummy
 68646 | Tomb:3   | Noticed a greater mummy
 68652 | Tomb:3   | Killed a greater mummy
 68653 | Tomb:3   | Killed an ancient lich
 68653 | Tomb:3   | Killed a greater mummy
 68655 | Tomb:3   | Killed a greater mummy
 68658 | Tomb:3   | Killed a greater mummy
 68659 | Tomb:3   | Noticed a greater mummy
 68896 | Tomb:3   | Killed a greater mummy
 68899 | Tomb:3   | Noticed a greater mummy
 68903 | Tomb:3   | Noticed a greater mummy
 68911 | Tomb:3   | Killed a greater mummy
 68915 | Tomb:3   | Killed a greater mummy
 68931 | Tomb:3   | Found the +3 warlock's mirror {reflect}
 69170 | Tomb:3   | Got a golden rune of Zot
 69407 | Tomb:3   | Got a twitching bronze amulet
 69408 | Tomb:3   | Identified the amulet "Veibentuk" {Faith rPois rC- Int-4 SInv} (You found it on level 3 of the Tomb of the Ancients)
 69414 | Tomb:3   | Got a bound tin ring
 69415 | Tomb:3   | Identified the ring "Xisimp" {rElec MR+ Str+4 Int+4 Stlth+} (You found it on level 3 of the Tomb of the Ancients)
 69439 | Tomb:3   | Identified the ring "Huhimn" {*Tele Str+3 SInv} (You found it on level 3 of the Tomb of the Ancients)
 70236 | Zot:5    | Got the Orb of Zot
 70371 | Zot:2    | Gained mutation: You are resistant to electric shocks. (rElec) [a cacodemon]
 70472 | Depths:5 | Gained mutation: You expend magic power (3 MP) to strengthen your wands. [a neqoxec]
 70803 | D:7      | Found an ancient bone altar of Kikubaaqudgha.
 71066 | D:1      | Gained mutation: You are frail. (-10% HP) [a cacodemon]
 71069 | D:1      | Gained mutation: You occasionally shout uncontrollably at your foes. [a cacodemon]
 71090 | D:$      | Escaped with the Orb!

Vault maps used:
D:1:      zaba_arrival_water, corexii_item_surrounded_by_moat
D:2:      serial_glass, glass_columns_c, glass_columns_a, st_stairs_2
D:3:      marbit_many_paths, grunt_temple_overflow_open, serial_bayou_crossing
D:4:      kennysheep_goblin_castle, kennysheep_mini_moat, elyvilon_altar_1,
          minivault_23
D:5:      first_ration, serial_shops, shop
D:6:      gup_sewer_entry_bubbles, basic_altar
D:7:      nicolae_overflow_hidden_temple, nicolae_qazlal_style_of_elements,
          minmay_temple_entry_glassed_door, grunt_ministairs_5,
          kennysheep_small_square
D:8:      uniq_pikel
D:9:      kennysheep_mini, david_lair_shrubbed
D:10:     orc_david_3, grunt_ogre_cave, onia_ninara_dug_in_and_dangerous
D:11:     uniq_erica, uniq_gastronok, uniq_josephine
D:12:     uniq_kirke
D:13:     david_vaults_3, uniq_azrael
D:14:     minivault_27
D:15:     gammafunk_depths_entry_grave, minivault_19
Temple:   minmay_temple_curvy_branch
Lair:1:   lab_entry_generic, minivault_11, lemuel_fruit_fields,
          serial_bayou_shore_a, uniq_sonja
Lair:2:   grunt_forest_large_clearing_hut
Lair:3:   guppyfry_snake_entry_island, kennysheep_rathole
Lair:4:   nicolae_swamp_entry_splash_gauntlet, minivault_23
Lair:5:   statuecave_lemuel, slime_altar_1, grunt_megastairs_4,
          serial_bayou_shore_b
Lair:6:   evilmike_catoblepas_cave
Swamp:1:  nicolae_swamp_godswood, swamp_pool2
Swamp:2:  evilmike_swamp_ruin_house_4, swamp_pool2
Swamp:3:  hangedman_swamp_lotus, swamp_pool2, uniq_roxanne
Swamp:4:  swamp_old_school, swamp_pool4, nicolae_swamp_rocky_clearing
Snake:1:  minmay_shop_star, uniq_asterion
Snake:2:  grunt_megastairs_3
Snake:3:  cheibrodos_forgotten_conduit, serial_bayou_shore_b, grunt_megastairs_2
Snake:4:  grunt_snake_rune_spirals, basic_altar
Slime:1:  cheibrodos_slime_lost_civilization_7
Orc:1:    nicolae_orc_pool_cavern
Orc:2:    grunt_orc_cross, serial_shops, shop, library_closet
Elf:1:    eino_elf_arrival_sip, serial_shops, shop_statue,
          portal_desolation_entry_nicolae_nacl,
          hangedman_elven_crosses_minicolossus
Elf:2:    guppyfry_elf_altar, minmay_shop_grove, basic_stair_grate_trap
Elf:3:    minmay_elf_hall_x, serial_shops, shop, serial_sigils,
          serial_sigils_hangedman_shear, serial_sigils_hangedman_writhe,
          serial_sigils_hangedman_snap, serial_sigils_hangedman_gut,
          serial_sigils_hangedman_shear, uniq_saint_roka
Vaults:1: v_rooms_2, ontoclasm_vaults_idyll, hangedman_vaults_stitches,
          nicolae_vaults_alarming, vaults_dpeg_hooks, hangedman_vaults_capsules,
          hangedman_vaults_maws, vaults_standard_mumra_x,
          vaults_room_guarded_vault, ontoclasm_vaults_ligature,
          nicolae_vaults_shelves_hall, v_alt_pattern_1,
          nicolae_vaults_little_squares_3, nicolae_vaults_little_squares_4,
          serial_shops, shop_fountains
Vaults:2: nicolae_vaults_little_squares_5, v_misc_9, v_rooms_4, v_misc_12,
          grunt_vaults_diagonal, serial_shops, shop_statue, uniq_mara
Vaults:3: grunt_vaults_twisty, nicolae_vaults_circle_grid_a,
          ontoclasm_vaults_shuriken, minmay_crypt_entry_simple_walls, v_misc_16,
          nicolae_vaults_windows_and_doors_thing, v_rooms_6,
          vaults_standard_mumra_lines, nicolae_vaults_ninety_degrees, v_misc_10,
          nicolae_vaults_angled_halls, ontoclasm_vaults_gateway, serial_shops,
          shop, uniq_nikola
Vaults:4: hangedman_vaults_locks, hangedman_vaults_slice, v_misc_18,
          nicolae_vaults_twisting_passages, v_misc_2, serial_ice_h,
          nicolae_vaults_hallways_thing, hangedman_vaults_stagger,
          nicolae_vaults_little_squares_1, serial_shops,
          nicolae_shop_window_shopping, uniq_donald
Crypt:1:  serial_glass, glass_columns_b, glass_columns_a, glass_columns_c,
          glass_columns_a, glass_columns_a, glass_columns_b
Crypt:2:  grunt_megastairs_5, uniq_frederick
Crypt:3:  lightli_unholy_cathedral, tomb_entry_forgotten_bobbens
Depths:1: nicolae_benzene_ring, hell_entry, kennysheep_generic_room_5,
          uniq_bai_suzhen
Depths:2: grunt_crosshair, minmay_misc_feat_five, grunt_hell_entry_dis_mu,
          minmay_statues_item, infiniplex_staircase_pool_2
Depths:3: grunt_house_of_mirrors, hangedman_glass_teeth,
          pf_hell_entry_tar_river, grunt_pan_entry_zigzag
Depths:4: minmay_glassy_protrusions, enter_ziggurat_d, hell_entry,
          minmay_misc_feat_x, abyss_entry_crystal, basic_stair_grate_trap
Depths:5: grunt_zot_entry_bicorn, hell_entry, serial_sigils_hangedman_etch,
          kennysheep_random_hallway
Zot:3:    lemuel_elevator
Abyss:1:  gammafunk_corrupted_shrine
Abyss:3:  evilmike_abyss_exit_glass, nicolae_abyss_rune_left_handed,
          minivault_1, minivault_25, evilmike_abyss_exit_vortex
Abyss:4:  gammafunk_abyss_exit_x_factor, hangedman_abyss_or_decor_clamps,
          hangedman_stitches_earthworm
Abyss:5:  guppyfry_abyss_exit_imp_island, lemuel_flamethrower_3,
          grunt_abyss_exit_deep_breaths
Pan:      evilmike_mini_pan_thingy, grunt_pan_zigzag, pan_blood_fountain_small,
          gammafunk_dig_for_victory, lemuel_hellion_island, rand_demon_3,
          pan_blood_fountain, pan_blood_fountain_small, rand_demon_2,
          pan_blood_fountain_small, evilmike_mini_pan_diamond, uniq_mennas_pan,
          nicolae_pan_lom_lobonic_1, nicolae_pan_sigil_nadil,
          reaverb_pan_chaos_star, rand_demon_8, pan_blood_fountain, mnoleg_st,
          evilmike_mini_pan_possible_glass, nicolae_pan_mnolegish_1, cerebov,
          evilmike_mini_pan_T, nicolae_pan_cerebovesque_3,
          evilmike_mini_pan_pillars, pan_blood_fountain_small, lom_lobon,
          pan_blood_fountain_small, evilmike_mini_pan_corner,
          evilmike_mini_pan_diamond, rand_demon_6, nicolae_pan_diamonds,
          evilmike_mini_pan_3x3, gloorx_vloq_grunt
Sewer:    kennysheep_door_sewer

Skill      XL: |  1  2  3  4  5  6  7  8  9 10 11 12 13 14 15 16 17 18 19 20 21 22 23 24 25 26 27 |
---------------+----------------------------------------------------------------------------------+-----
Axes           | 3 4 5 6 7 9 11 12 13 14 15 16 17 18 | 18.0
Fighting       | 4 5 7 8 9 10 11 12 13 14 15 16 17 18 19 24 | 24.5
Invocations    | 3 5 7 8 10 11 12 13 14 15 16 17 18 19 24 | 24.1
Dodging        | 2 3 5 6 7 9 10 11 12 14 | 14.9
Armour         | 4 5 6 8 9 10 11 12 13 14 15 17 | 17.0
Shields        | 4 5 6 8 10 12 13 14 | 14.0
Stealth        | 6 9 10 15 | 15.8
Earth Magic    | 1 4 6 7 8 9 24 | 24.1
Spellcasting   | 3 5 6 8 10 12 13 20 | 20.0
Evocations     | 2 5 6 9 12 13 15 | 15.2
Transmutations | 2 4 6 7 8 10 | 10.1
Summonings     | 2 5 6 7 11 | 11.0
Translocations | 2 4 5 |  5.8
Throwing       | 10 | 10.6

Action                   |  1- 3 |  4- 6 |  7- 9 | 10-12 | 13-15 | 16-18 | 19-21 | 22-24 | 25-27 || total
-------------------------+-------+-------+-------+-------+-------+-------+-------+-------+-------++-------
Melee: War axe           |   137 |   290 |   181 |       |       |       |       |       |   949 ||  1557
       Broad axe         |       |       |   323 |   365 |   835 |  1084 |  1204 |  1306 |  4125 ||  9242
       Constrict         |       |       |       |       |   189 |   220 |   227 |   253 |   867 ||  1756
       Headbutt          |       |       |       |       |       |       |       |       |  1486 ||  1486
       Bite              |       |       |       |       |       |       |       |       |   746 ||   746
Throw: Stone             |       |       |       |     2 |     1 |       |       |       |       ||     3
       Javelin           |       |       |       |       |       |     4 |       |     7 |    25 ||    36
 Cast: Aura of Abjuratio |       |       |       |       |       |       |       |       |    37 ||    37
       Statue Form       |       |       |       |       |       |       |       |       |    17 ||    17
       Blink             |       |       |       |       |       |       |       |       |     1 ||     1
       Summon Forest     |       |       |       |       |       |       |       |       |     4 ||     4
       Apportation       |       |       |       |       |       |       |       |       |     3 ||     3
       Shatter           |       |       |       |       |       |       |       |       |     3 ||     3
       Shadow Creatures  |       |       |       |       |       |       |       |       |     2 ||     2
       Summon Butterflie |       |       |       |       |       |       |       |       |     1 ||     1
Invok: Bend Time         |       |       |     1 |     3 |       |       |       |       |       ||     4
       Temporal Distorti |       |       |       |     1 |       |       |       |       |     2 ||     3
       Slouch            |       |       |       |     1 |    12 |     4 |     7 |    21 |    72 ||   117
       Step From Time    |       |       |       |       |       |       |       |       |     1 ||     1
 Abil: Spit Poison       |       |     6 |     6 |     3 |       |       |       |       |       ||    15
Evoke: Wand              |       |       |     1 |     4 |    16 |     3 |     1 |     6 |    22 ||    53
       Lamp of fire      |       |       |       |     1 |     3 |     2 |       |     1 |     4 ||    11
       Lightning rod     |       |       |       |       |     6 |     7 |       |       |       ||    13
       Phial of floods   |       |       |       |       |       |       |       |       |     2 ||     2
       Phantom mirror    |       |       |       |       |       |       |       |       |     1 ||     1
  Use: Potion            |     1 |     2 |     2 |     2 |       |       |       |       |    35 ||    42
       Scroll            |       |    11 |     9 |    12 |     5 |    12 |     8 |    15 |    63 ||   135
 Stab: Invisible         |       |       |       |     4 |       |       |       |       |     7 ||    11
       Paralysed         |       |       |       |       |     9 |       |       |       |       ||     9
       Distracted        |       |       |       |       |     2 |     3 |     2 |     3 |    41 ||    51
       Sleeping          |       |       |       |       |       |     3 |    15 |    31 |    55 ||   104
       Confused          |       |       |       |       |       |     1 |       |       |       ||     1
       Petrified         |       |       |       |       |       |       |       |       |     3 ||     3
  Eat: Chunk             |       |     6 |     3 |    10 |    29 |    21 |    17 |    13 |     3 ||   102
       Ration            |       |     1 |     5 |       |       |       |       |     2 |    31 ||    39
Armor: Scale mail        |    76 |   104 |     1 |       |       |       |       |       |       ||   181
       Chain mail        |       |       |   333 |    96 |   409 |   431 |       |       |       ||  1269
       Ring mail         |       |       |       |    66 |       |       |       |       |       ||    66
       Shadow dragon sca |       |       |       |       |       |   250 |   741 |   574 |  2472 ||  4037
       Skin              |       |       |       |       |       |       |       |       |   186 ||   186
Dodge: Dodged            |    41 |    66 |    69 |    87 |   218 |   326 |   505 |   545 |  3000 ||  4857
Block: Shield            |    77 |   155 |   264 |   185 |   555 |  1009 |   998 |   910 |  4223 ||  8376
       Reflection        |       |       |       |       |       |       |    13 |    90 |   120 ||   223
       Rpst.: Broad axe  |       |       |       |       |       |       |       |    53 |   367 ||   420
       War axe           |       |       |       |       |       |       |       |       |    96 ||    96

Table legend:
 A = Spawn XP
 B = Non-spawn XP
 C = Spawn XP percentage of total XP
 D = Spawn monster count
 E = Non-spawn monster count
 F = Spawn count percentage of total count
 G = Total turns spent on level
                    A         B        C        D         E        F      G
               +---------+---------+-------+---------+---------+-------+---------
         Total |  182067 | 2681442 |   6.4 |     231 |    3522 |   6.2 | 71090
               +---------+---------+-------+---------+---------+-------+---------
           D:1 |       0 |      38 |   0.0 |       0 |      20 |   0.0 |   620
           D:2 |       0 |      51 |   0.0 |       0 |      21 |   0.0 |  1772
           D:3 |       0 |     169 |   0.0 |       0 |      32 |   0.0 |  1247
           D:4 |       0 |     475 |   0.0 |       0 |      40 |   0.0 |  1326
           D:5 |       0 |     778 |   0.0 |       0 |      26 |   0.0 |   963
           D:6 |       0 |     221 |   0.0 |       0 |      16 |   0.0 |   548
           D:7 |       0 |    1133 |   0.0 |       0 |      23 |   0.0 |  1384
           D:8 |       0 |    1455 |   0.0 |       0 |      21 |   0.0 |   958
           D:9 |       0 |    1900 |   0.0 |       0 |      28 |   0.0 |  1498
          D:10 |       0 |    1476 |   0.0 |       0 |      17 |   0.0 |  1520
          D:11 |       0 |   12958 |   0.0 |       0 |      63 |   0.0 |   876
          D:12 |       0 |    9605 |   0.0 |       0 |      38 |   0.0 |   842
          D:13 |       0 |   14988 |   0.0 |       0 |      58 |   0.0 |   722
          D:14 |       0 |    4983 |   0.0 |       0 |      17 |   0.0 |   978
          D:15 |       0 |   17628 |   0.0 |       0 |      42 |   0.0 |  1011
        Lair:1 |       0 |    3945 |   0.0 |       0 |      16 |   0.0 |   840
        Lair:2 |       0 |    4697 |   0.0 |       0 |      19 |   0.0 |   885
        Lair:3 |       0 |    2712 |   0.0 |       0 |      25 |   0.0 |   808
        Lair:4 |       0 |    7359 |   0.0 |       0 |      28 |   0.0 |  1312
        Lair:5 |       0 |    3895 |   0.0 |       0 |      17 |   0.0 |   707
        Lair:6 |       0 |   19103 |   0.0 |       0 |      58 |   0.0 |  1269
       Swamp:1 |       0 |    8808 |   0.0 |       0 |      35 |   0.0 |   837
       Swamp:2 |       0 |   13438 |   0.0 |       0 |      39 |   0.0 |   577
       Swamp:3 |       0 |   13896 |   0.0 |       0 |      24 |   0.0 |  1133
       Swamp:4 |       0 |   35724 |   0.0 |       0 |      63 |   0.0 |  1088
       Snake:1 |       0 |   13458 |   0.0 |       0 |      23 |   0.0 |  1022
       Snake:2 |       0 |   26074 |   0.0 |       0 |      48 |   0.0 |  1029
       Snake:3 |       0 |   14185 |   0.0 |       0 |      26 |   0.0 |   519
       Snake:4 |       0 |   78107 |   0.0 |       0 |     127 |   0.0 |  1235
       Slime:1 |       0 |    1326 |   0.0 |       0 |       5 |   0.0 |    46
       Slime:2 |       0 |    3456 |   0.0 |       0 |       8 |   0.0 |    42
       Slime:3 |       0 |   16746 |   0.0 |       0 |      25 |   0.0 |   268
       Slime:4 |       0 |   22634 |   0.0 |       0 |      32 |   0.0 |    97
       Slime:5 |       0 |   47412 |   0.0 |       0 |      39 |   0.0 |   431
         Orc:1 |       0 |    3974 |   0.0 |       0 |      30 |   0.0 |   872
         Orc:2 |       0 |   11500 |   0.0 |       0 |      60 |   0.0 |   877
         Elf:1 |       0 |   30000 |   0.0 |       0 |      46 |   0.0 |   896
         Elf:2 |       0 |   62268 |   0.0 |       0 |      96 |   0.0 |  1283
         Elf:3 |       0 |   71617 |   0.0 |       0 |      81 |   0.0 |  1493
      Vaults:1 |       0 |   78994 |   0.0 |       0 |     135 |   0.0 |  1604
      Vaults:2 |       0 |   55125 |   0.0 |       0 |      83 |   0.0 |  1422
      Vaults:3 |       0 |   60700 |   0.0 |       0 |      96 |   0.0 |  1534
      Vaults:4 |       0 |   49174 |   0.0 |       0 |      66 |   0.0 |  1083
      Vaults:5 |       0 |  178656 |   0.0 |       0 |     144 |   0.0 |  1695
       Crypt:1 |       0 |   26745 |   0.0 |       0 |      45 |   0.0 |   711
       Crypt:2 |       0 |   44951 |   0.0 |       0 |      51 |   0.0 |   851
       Crypt:3 |       0 |   65640 |   0.0 |       0 |      65 |   0.0 |  1040
        Tomb:1 |       0 |   92866 |   0.0 |       0 |      81 |   0.0 |  1194
        Tomb:2 |       0 |   76759 |   0.0 |       0 |      77 |   0.0 |  1399
        Tomb:3 |       0 |  127442 |   0.0 |       0 |     111 |   0.0 |   763
      Depths:1 |       0 |   30933 |   0.0 |       0 |      40 |   0.0 |  1299
      Depths:2 |       0 |   77685 |   0.0 |       0 |     102 |   0.0 |  1376
      Depths:3 |    3877 |   65063 |   5.6 |       1 |      70 |   1.4 |  1101
      Depths:4 |       0 |   58537 |   0.0 |       0 |      37 |   0.0 |  1440
      Depths:5 |       0 |   58055 |   0.0 |       0 |      41 |   0.0 |  1062
          Hell |       0 |   58081 |   0.0 |       0 |      86 |   0.0 |   666
         Zot:1 |       0 |   46751 |   0.0 |       0 |      30 |   0.0 |  1099
         Zot:2 |       0 |   56376 |   0.0 |       0 |      31 |   0.0 |  1038
         Zot:3 |       0 |   36494 |   0.0 |       0 |      23 |   0.0 |   968
         Zot:4 |       0 |   35204 |   0.0 |       0 |      20 |   0.0 |   663
         Zot:5 |       0 |  194585 |   0.0 |       0 |      65 |   0.0 |  1203
       Abyss:1 |   17504 |    5115 |  77.4 |      19 |      19 |  50.0 |   285
       Abyss:2 |    3574 |     974 |  78.6 |       4 |       5 |  44.4 |   233
       Abyss:3 |    5335 |   12641 |  29.7 |       8 |      14 |  36.4 |   182
       Abyss:4 |   14091 |   10564 |  57.2 |      25 |      19 |  56.8 |   209
       Abyss:5 |    1601 |     168 |  90.5 |       3 |       7 |  30.0 |   168
           Pan |  136085 |  438840 |  23.7 |     171 |     420 |  28.9 |  7423
         Sewer |       0 |     144 |   0.0 |       0 |       6 |   0.0 |   192
    Desolation |       0 |   53988 |   0.0 |       0 |     101 |   0.0 |  1075
               +---------+---------+-------+---------+---------+-------+---------
